 Dungeon Crawl Stone Soup version 0.29-a0-304-gb34f9e133a (webtiles) character file.

Game seed: 15463671846951018382

2369 Ajdolov the Unseen (level 9, -5/48 HPs)
             Began as a Kobold Brigand on Mar 26, 2022.
             Was a Believer of Wu Jian.
             Killed from afar by an acid dragon (23 damage)
             ... with a splash of acid
             ... on level 8 of the Dungeon.
             The game lasted 00:15:50 (10810 turns).

Ajdolov the Unseen (Kobold Brigand)                Turns: 10810, Time: 00:15:50

Health: -5/48      AC:  4    Str:  8    XL:     9   Next: 72%
Magic:  9/9        EV: 14    Int: 12    God:    Wu Jian [**....]
Gold:   472        SH:  0    Dex: 21    Spells: 8/8 levels left

rFire   + . .      SeeInvis .   C - +4 dagger
rCold   . . .      Faith    .   (no shield)
rNeg    . . .      Spirit   .   b - +0 robe
rPois   .          Reflect  .   v - +1 helmet
rElec   .          Harm     .   c - +0 cloak
rCorr   .          Rampage  +   i - +0 pair of gloves
Will    .....                   B - +1 pair of boots {rampage}
Stlth   +++++++...              (no amulet)
HPRegen 0.16/turn               f - ring of protection from fire
MPRegen 0.11/turn               (no ring)

@: corroded
A: small, no large weapons, nightstalker 3
a: Renounce Religion, Wall Jump


You were on level 8 of the Dungeon.
You worshipped Wu Jian.
Wu Jian was pleased with you.
You visited 2 branches of the dungeon, and saw 9 of its levels.
You also visited: Sewer.

You collected 472 gold pieces.

Inventory:

Hand Weapons
 C - a +4 dagger (weapon)
Missiles
 d - 12 poisoned darts (quivered)
Armour
 b - a +0 robe (worn)
 c - a +0 cloak (worn)
 i - a +0 pair of gloves (worn)
 v - a +1 helmet (worn)
 B - a +1 pair of boots of rampaging (worn)
Jewellery
 f - a ring of protection from fire (left hand)
Wands
 x - a wand of flame (22)
Scrolls
 l - 2 scrolls of amnesia {unknown}
 p - a scroll of blinking {unknown}
 q - 4 scrolls of vulnerability {unknown}
 u - 3 scrolls of enchant armour {unknown}
 y - 2 scrolls of magic mapping {unknown}
 z - a scroll of fear {unknown}
 A - 4 scrolls of identify {unknown}
Potions
 a - a potion of mutation {unknown}
 j - a potion of heal wounds {unknown}
 k - a potion of brilliance {unknown}
 m - a potion of magic {unknown}
 n - a potion of curing
 o - 2 potions of lignification {unknown}
 r - 2 potions of attraction {unknown}
 t - 2 potions of degeneration
 w - 8 potions of flight


   Skills:
 - Level 2.1 Fighting
 + Level 9.7 Short Blades
 - Level 2.1 Throwing
 - Level 1.2 Dodging
 - Level 15.0 Stealth


You had 8 spell levels left.
You didn't know any spells.
Your spell library contained the following spells:

 Spells                   Type           Power      Damage    Failure   Level
 Pain                     Necr           0%         1d4       32%         1
 Blink                    Tloc           0%         N/A       45%         2
 Ensorcelled Hibernation  Hex/Ice        0%         N/A       45%         2
 Lesser Beckoning         Tloc           0%         N/A       69%         3
 Manifold Assault         Tloc           0%         N/A       100%        5


Dungeon Overview and Level Annotations

Branches:
Dungeon (8/15)             Temple (1/1) D:4           Sewer (visited)
   Lair: D:8-11

Altars:
Ashenzari
Cheibriados
Dithmenos
Fedhas
Gozag
Hepliaklqana
Kikubaaqudgha
Makhleb
Nemelex Xobeh
Okawaru
Qazlal
Ru
Trog
Uskayaw
Vehumet
Wu Jian
Yredelemnul
Zin
The Shining One

Shops:
D:4 [

Annotations:
D:5 2 transporters, exclusion: door


Innate Abilities, Weirdness & Mutations

You are small and have problems with some larger weapons.
You are completely attuned to the shadows.


Message History

The acid dragon bites you!
The acid dragon claws you but does no damage.
You hit the acid dragon but do no damage.
The acid dragon bites you but does no damage.
The acid dragon completely misses you.
You hit the acid dragon but do no damage.
The acid dragon bites you! The acid dragon barely misses you.
You hit the acid dragon but do no damage.
The acid dragon spits acid at you. The splash of acid misses you.
Found a book of Frost.
You feel less invigorated.
You feel less confused.
You closely miss the acid dragon.
The acid dragon bites you but does no damage.
The acid dragon closely misses you.
It was a potion of curing.
You feel better. The acid dragon barely misses you. The acid dragon claws you.
You hit the acid dragon.
The acid dragon is lightly wounded.
You hit the acid dragon but do no damage.
The acid dragon is lightly wounded.
The acid dragon misses you. The acid dragon claws you.
You barely miss the acid dragon.
The acid dragon is lightly wounded.
You hit the acid dragon but do no damage.
The acid dragon is lightly wounded.
The acid dragon barely misses you. The acid dragon claws you.
You spin and attack the acid dragon.
You hit the acid dragon but do no damage.
The acid dragon is lightly wounded.
The acid dragon bites you. The acid dragon claws you.
You spin and attack the acid dragon repeatedly.
You hit the acid dragon but do no damage.
The acid dragon is lightly wounded.
You hit the acid dragon but do no damage.
The acid dragon is lightly wounded.
The acid dragon bites you. The acid dragon barely misses you.
The acid dragon spits acid at you. The splash of acid hits you!!
You die...

........#
####.#..(
#......##
##.......###
#..........
#####[......####
...............#
#######...####(#
##.#####@#
.D.......#
...####.D# ##
#..# #..# ....#
#....# ..:...


You could see an acid dragon (catching breath).

Vanquished Creatures
  A wyvern (D:8)
  A steam dragon (D:8)
  A water moccasin (D:5)
  Duvessa (D:7)
  2 orc warriors
  An ice beast (D:6)
  A black bear (D:4)
  An ogre (D:4)
  2 centaurs (D:5)
  A necrophage (D:5)
  A bullfrog (D:7)
  5 scorpions
  Dowan (D:7)
  3 jellies
  3 hounds
  5 orc priests (D:7)
  An iguana (D:5)
  2 orc wizards
  15 adders
  4 gnolls (D:3)
  5 river rats (Sewer)
  2 shadow imps (D:7)
  A white imp (D:5)
  7 worms
  2 dart slugs
  24 orcs
  18 ball pythons
  11 endoplasms
  6 giant cockroaches
  8 goblins
  7 hobgoblins
  7 jackals
  6 quokkas
  13 bats
  5 frilled lizards
  8 kobolds
  8 rats
190 creatures vanquished.

Vanquished Creatures (others)
  11 plants (D:3)
11 creatures vanquished.

Grand Total: 201 creatures vanquished

Notes
Turn   | Place    | Note
-------+----------+-------------------------------------------
     0 | D:1      | Ajdolov the Kobold Brigand began the quest for the Orb.
     0 | D:1      | Reached XP level 1. HP: 12/12 MP: 1/1
   101 | D:1      | Reached XP level 2. HP: 17/17 MP: 2/2
   383 | D:1      | Reached skill level 6 in Stealth
   738 | D:1      | Reached XP level 3. HP: 21/21 MP: 3/3
  1480 | D:2      | Reached XP level 4. HP: 26/26 MP: 4/4
  1690 | D:2      | Reached skill level 7 in Stealth
  2486 | D:3      | Found a faded altar of an unknown god.
  2578 | D:3      | Found a hazy altar of Hepliaklqana.
  2621 | D:3      | Reached XP level 5. HP: 30/30 MP: 5/5
  2860 | D:3      | Reached skill level 8 in Stealth
  3157 | D:3      | Reached XP level 6. HP: 9/35 MP: 6/6
  3791 | D:4      | Reached skill level 5 in Short Blades
  3968 | D:4      | Noticed an ogre
  3995 | D:4      | Killed an ogre
  3996 | D:4      | Reached skill level 9 in Stealth
  4031 | D:4      | Found Buescheuf's Antique Armour Shoppe.
  4331 | D:4      | Reached XP level 7. HP: 40/40 MP: 7/7
  4395 | D:4      | Reached skill level 10 in Stealth
  4959 | D:4      | Found a staircase to the Ecumenical Temple.
  4965 | Temple   | Entered the Ecumenical Temple
  5399 | Temple   | Became a worshipper of the Wu Jian Council
  5481 | D:5      | Entered Level 5 of the Dungeon
  5526 | D:5      | Noticed a water moccasin
  5529 | D:5      | Killed a water moccasin
  5568 | D:5      | Found a transporter.
  5685 | D:5      | Found a transporter.
  5694 | D:5      | Reached skill level 11 in Stealth
  5694 | D:5      | Reached XP level 8. HP: 44/44 MP: 8/8
  5750 | D:5      | Found a glowing drain.
  5756 | Sewer    | Entered a sewer
  6557 | Sewer    | Reached * piety under Wu Jian
  6843 | D:5      | Reached skill level 12 in Stealth
  7315 | D:5      | Reached skill level 13 in Stealth
  7789 | D:6      | Reached XP level 9. HP: 48/48 MP: 9/9
  9064 | D:7      | Noticed Dowan
  9688 | D:7      | Got Wid Jax's Disquisition on Congealing Unholy Rituals
  9714 | D:7      | Reached skill level 14 in Stealth
 10097 | D:7      | Reached ** piety under Wu Jian
 10312 | D:7      | Noticed Duvessa
 10362 | D:7      | Killed Duvessa
 10374 | D:7      | Killed Dowan
 10756 | D:8      | Reached skill level 15 in Stealth
 10810 | D:8      | Killed from afar by an acid dragon

Illustrated notes

Levels and vault maps discovered:
D:1:      psy_arrival_spokes, layout_basic, serial_bayou_pond_a
D:2:      layout_basic, hangedman_decor_clover_reticule
D:3:      layout_basic, nicolae_hepliaklqana_hippocampus,
          shapermc_ecumenical_altar_pompeii, nicolae_grassy_gnolls
D:4:      layout_loops_ring, temple_pool_b, serial_shops,
          nicolae_shop_statue_plus
D:5:      gammafunk_cloud_chamber, layout_basic, cheibrodos_sewer_entry_drain,
          minmay_pentangle
D:6:      layout_layer_cave, nicolae_ossuary_entry_ruins
D:7:      layout_basic, uniq_duvessa
D:8:      layout_loops_ring
Temple:   mainiacjoe_temple_trianglar_array

Skill      XL: |  1  2  3  4  5  6  7  8  9 |
---------------+----------------------------+-----
Short Blades   | 3 4 5 6 8 9 |  9.7
Stealth        | 6 7 8 9 11 13 15 | 15.0
Fighting       | |  2.1
Throwing       | |  2.1
Dodging        | |  1.2

Action                   |  1- 3 |  4- 6 |  7- 9 || total
-------------------------+-------+-------+-------++-------
Melee: Dagger            |    60 |   125 |   412 ||   597
       Punch             |       |     1 |     4 ||     5
Throw: Dart              |     2 |    21 |    21 ||    44
       Throwing net      |       |     1 |     6 ||     7
Invok: Lunge             |       |       |    14 ||    14
       Whirlwind         |       |       |    30 ||    30
Evoke: Wand              |       |       |    12 ||    12
  Use: Potion            |       |       |     4 ||     4
 Stab: Sleeping          |    23 |    30 |    40 ||    93
       Distracted        |       |     1 |     2 ||     3
       Held in net/web   |       |       |     5 ||     5
       Paralysed         |       |       |     7 ||     7
Armor: Robe              |    11 |    11 |   106 ||   128
Dodge: Dodged            |    32 |    74 |   247 ||   353

Table legend: (Time is in decaauts)
 A = Elapsed time spent in this place.
 B = Non-inter-level travel time spent in this place.
 C = Inter-level travel time spent in this place.
 D = Time resting spent in this place.
 E = Time spent auto-exploring this place.
 F = Levels seen in this place.
 G = Mean time per level.
                   A        B        C        D        E       F      G
               +--------+--------+--------+--------+--------+-----+--------+
         Total |  10821 |  10593 |    228 |   1898 |   7077 |  10 | 1082.1 |
       Dungeon |   9342 |   9143 |    199 |   1860 |   6012 |   8 | 1167.8 |
        Temple |    450 |    421 |     29 |      0 |    417 |   1 |  450.0 |
         Sewer |   1027 |   1027 |      0 |     38 |    648 |   1 | 1027.0 |
               +--------+--------+--------+--------+--------+-----+--------+

Top non-repeatable levels by time:
     D:3: 1563 daAuts
     D:6: 1511 daAuts
     D:7: 1502 daAuts
     D:4: 1234 daAuts
     D:5: 1221 daAuts
     D:2: 1146 daAuts
     D:1: 1049 daAuts
   Sewer: 1027 daAuts
  Temple: 450 daAuts
     D:8: 113 daAuts
